Map: Blackpink LE

Players

Pain - Winner!

  • Race: Protoss Protoss
  • Spawn Location: 7:00

A.I. 1 (Medium)

  • Race: Terran Terran
  • Spawn Location: 1:00

VOD

Have the link to the VOD?

Description

Time

  • Played on: March 17, 2018, 12:58 a.m.
  • Length: 17:09
Show
View Real Time Build Order
Export as new Build Order

Pain Protoss - Winner!

Build Orders:  

Get SALT Encoding   

  12  0:01  Probe  
  13  0:19  Pylon  
  13  0:25  Probe  
  14  0:34  Assimilator  
  14  0:38  Probe  
  15  0:49  Gateway  
  15  0:55  Probe  
  16  1:06  Forge  
  16  1:08  Probe  
  17  1:17  Assimilator  
  17  1:28  Probe, Pylon  
  18  1:40  Probe  
  18  1:41  Cybernetics Core  
  19  1:52  Probe  
  20  2:04  Gateway, Probe  
  21  2:12  Zealot  
  23  2:16  Warp Gate (Chrono Boost)  
  23  2:25  Probe  
  24  2:37  Probe  
  25  2:44  Photon Cannon  
  25  2:53  Stalker  
  27  2:58  Protoss Ground Weapons Level 1  
  27  3:01  Probe  
  28  3:10  Stalker  
  30  3:21  Pylon  
  30  3:25  Pylon  
  30  3:29  Stalker  
  31  3:43  Photon Cannon  
  31  4:03  Probe  
  31  4:07  Twilight Council  
  32  4:20  Gateway  
  32  4:37  Nexus  
  32  4:39  Pylon  
  32  4:50  Probe  
  33  4:52  Protoss Ground Armor Level 1  
  33  5:02  Probe  
  33  5:04  Pylon  
  34  5:14  Probe  
  35  5:15  Stalker x2  
  39  5:26  Probe  
  39  5:27  Photon Cannon  
  40  5:35  Assimilator  
  40  5:38  Probe  
  41  5:43  Stalker  
  43  5:50  Probe  
  43  5:54  Blink  
  44  6:10  Gateway  
  44  6:15  Stalker x2  
  48  6:29  Stargate  
  48  6:44  Stalker x3  
  54  6:55  Probe (Chrono Boost)  
  56  7:05  Probe (Chrono Boost)  
  56  7:06  Probe (Chrono Boost)  
  57  7:10  Probe (Chrono Boost)  
  57  7:12  Probe (Chrono Boost)  
  59  7:21  Probe  
  54  7:33  Probe  
  53  7:40  Void Ray  
  57  7:45  Probe (Chrono Boost)  
  57  7:50  Robotics Facility  
  58  7:53  Robotics Facility  
  58  7:58  Probe (Chrono Boost)  
  59  8:00  Protoss Air Weapons Level 1  
  60  8:05  Probe (Chrono Boost)  
  60  8:12  Probe (Chrono Boost)  
  60  8:13  Stalker  
  60  8:14  Stalker x2  
  67  8:23  Void Ray  
  67  8:24  Probe (Chrono Boost)  
  72  8:27  Pylon  
  72  8:32  Probe (Chrono Boost)  
  73  8:38  Probe  
  74  8:44  Warp Prism  
  76  8:50  Probe  
  76  8:55  Immortal  
  81  9:03  Protoss Shields Level 1 (Chrono Boost)  
  81  9:06  Oracle  
  84  9:20  Observer  
  85  9:35  Pylon  
  85  9:39  Pylon  
  85  9:43  Pylon  
  85  9:52  Pylon  
  85  9:54  Immortal  
  85  9:56  Stalker x2  
  85  9:57  Stalker x2  
  85  9:58  Nexus  
  97  10:30  Stalker  
  97  10:31  Stalker x2  
  97  10:32  Stalker  
  105  10:39  Probe (Chrono Boost)  
  105  10:40  Probe (Chrono Boost)  
  107  10:45  Assimilator  
  107  10:47  Assimilator  
  107  10:49  Protoss Ground Weapons Level 2  
  107  10:51  Probe (Chrono Boost)  
  109  10:57  Probe (Chrono Boost)  
  109  10:58  Probe (Chrono Boost)  
  109  11:03  Probe  
  111  11:05  Probe  
  111  11:08  Stalker x2  
  111  11:09  Stalker  
  118  11:15  Probe  
  119  11:23  Pylon  
  119  11:25  Robotics Bay  
  119  11:27  Probe  
  119  11:31  Protoss Air Armor Level 1  
  108  12:25  Probe (Chrono Boost)  
  109  12:35  Stalker, Probe (Chrono Boost)  
  109  12:36  Stalker x3  
  118  12:40  Probe (Chrono Boost)  
  119  12:50  Immortal x2  
  127  12:51  Probe  
  128  13:03  Probe (Chrono Boost)  
  128  13:04  Observer Gravitic Boosters  
  129  13:08  Pylon  
  129  13:10  Pylon  
  129  13:15  Probe (Chrono Boost)  
  129  13:16  Stalker x3  
  136  13:21  Probe (Chrono Boost)  
  137  13:29  Immortal x2, Probe  
  146  13:42  Probe  
  147  13:56  Stalker x3  
  147  13:57  Stalker  
  155  14:15  Pylon  
  155  14:28  Photon Cannon  
  155  14:34  Immortal x2  
  155  14:38  Stalker  
  165  14:45  Pylon  
  165  14:49  Pylon  
  165  14:52  Pylon  
  165  14:54  Pylon  
  165  14:58  Pylon  
  165  15:00  Pylon  
  165  15:03  Pylon  
  165  15:10  Pylon  
  165  15:13  Immortal x2  
  173  15:14  Pylon  
  173  15:18  Pylon  
  173  15:20  Stalker x3  
  179  15:21  Stalker  
  181  15:52  Immortal  
  182  16:18  Stalker x3  
  186  16:19  Stalker  
Show
View Real Time Build Order
Export as new Build Order

A.I. 1 (Medium) Terran 

Build Orders:  

Get SALT Encoding   

  12  0:00  SCV  
  13  0:13  SCV  
  14  0:19  Supply Depot  
  14  0:25  SCV  
  15  0:41  SCV  
  16  0:44  Barracks  
  16  0:50  Refinery  
  16  0:53  SCV  
  17  1:05  SCV  
  18  1:17  Supply Depot  
  18  1:31  Marine  
  19  1:33  Orbital Command, Barracks  
  19  1:42  Refinery  
  19  1:50  Barracks Tech Lab  
  19  2:08  Marine  
  20  2:11  Supply Depot  
  20  2:20  Marine  
  21  2:32  Marine  
  22  2:44  Marine  
  22  2:47  Supply Depot  
  23  2:56  Marine  
  23  2:57  SCV  
  25  3:08  Marine  
  25  3:09  SCV  
  27  3:16  Engineering Bay  
  27  3:20  Marine  
  27  3:21  SCV  
  29  3:33  SCV, Marine  
  31  3:45  SCV, Marauder  
  34  3:49  Supply Depot  
  34  3:57  SCV, Marine  
  36  4:09  Marine  
  37  4:27  Marauder  
  39  4:49  Marauder  
  41  5:39  SCV  
  41  6:48  Barracks Tech Lab  
  41  6:51  Factory  
  41  6:55  Factory  
  41  6:56  Command Center  
  41  6:57  Supply Depot  
  41  6:58  Missile Turret  
  41  7:00  Missile Turret  
  41  7:06  Sensor Tower  
  41  7:08  Barracks  
  41  7:21  Bunker  
  40  7:25  Marine  
  25  7:37  Factory Tech Lab, Starport  
  25  7:38  Marine  
  25  7:40  Armory, Factory Tech Lab  
  26  7:51  Marine  
  26  7:55  Barracks Reactor  
  27  8:04  Marine  
  28  8:08  SCV  
  28  8:10  Refinery  
  28  8:11  SCV  
  30  8:17  Marauder  
  30  8:19  Starport Tech Lab, Missile Turret  
  32  8:20  SCV  
  32  8:22  Missile Turret  
  32  8:23  SCV  
  32  8:25  Refinery  
  34  8:30  Marine  
  34  8:32  SCV  
  36  8:35  SCV  
  36  8:39  Raven  
  39  8:42  Bunker, Marine  
  39  8:44  SCV  
  39  8:47  SCV  
  42  8:55  Marine  
  42  8:56  SCV  
  42  8:59  SCV  
  45  9:08  Siege Tank, SCV  
  49  9:11  SCV  
  50  9:20  SCV  
  50  9:21  Siege Tank, Raven  
  50  9:23  SCV  
  57  9:33  SCV  
  57  9:34  Marine  
  57  9:35  SCV  
  60  9:45  SCV  
  61  9:47  Marauder  
  61  9:48  SCV  
  64  9:57  SCV  
  65  10:00  Cyclone, SCV  
  69  11:45  Medivac  
  69  11:46  Terran Ship Weapons Level 1, Hi-Sec Auto Tracking  
  71  11:48  Supply Depot  
  71  11:52  Starport  
  71  11:54  Ghost Academy  
  71  11:59  Command Center, Fusion Core  
  71  12:01  Engineering Bay  
  70  12:04  Armory  
  59  12:13  Supply Depot  
  59  12:15  Medivac  
  48  12:27  Viking  
  50  12:45  Raven  
  52  12:51  Terran Vehicle And Ship Armor Level 1  
  52  12:58  Starport Tech Lab  
  52  13:13  SCV  
  52  13:16  SCV, Viking  
  52  13:19  SCV  
  57  13:23  Refinery  
  57  13:25  Missile Turret, SCV  
  58  13:28  SCV, Raven  
  58  13:30  Missile Turret  
  58  13:31  SCV  
  58  13:32  Refinery  
  62  13:37  SCV  
  62  13:40  SCV  
  64  13:43  SCV  
  64  13:46  Viking  
  67  13:49  SCV  
  67  13:52  Bunker  
  68  14:10  Banshee  
  68  14:16  Raven  
  73  14:21  SCV  
  73  14:53  Banshee  
  73  14:59  Banshee  
  79  15:29  Marine  
  79  15:30  Combat Shields  
  79  15:33  Supply Depot  
  79  15:34  Marine  
  81  15:39  Siege Tank  
  81  15:42  Bunker  
  83  15:44  Marine  
  83  15:46  Missile Turret  
  83  15:49  Marine  
  84  15:55  Hellion  
  83  16:00  Supply Depot, Marine  
  78  16:05  Marine  
  78  16:10  Marine  
  76  16:15  Marine  
  76  16:20  Siege Tank  
  76  16:22  SCV  
  76  16:25  Siege Tank, SCV  
  83  16:26  Supply Depot  
  80  16:33  Marauder  
  80  16:34  SCV  
  56  16:41  Marauder  
  56  16:46  SCV  
  38  16:47  Marine  
Tags
 
Matchup
PvT
Replay Pack
RP
Spawn Locations
Cross Positions
Add a new tag
Caveats
  • Supply blocks, unpowered buildings, or Contaminate may cause inaccurate times.
  • Supply counts are checked every 10 seconds.